 Dungeon Crawl Stone Soup version 0.31-a0-177-g4aa6249778 (webtiles) character file.

Game seed: 3877734595347074535

124 qw the Chopper (level 5, -2/32 HPs)
             Began as a Gargoyle Fighter on June 18, 2023.
             Slain by a gnoll
             ... wielding a +0 heavy flail
              (11 damage)
             ... on level 3 of the Dungeon.
             The game lasted 00:01:01 (2024 turns).

qw the Chopper (Gargoyle Fighter)                   Turns: 2024, Time: 00:01:02

Health: -2/32      AC: 13    Str: 22    XL:     5   Next: 8%
Magic:  5/5        EV:  8    Int:  8    God:
Gold:   78         SH:  4    Dex:  9    Spells: 4/4 levels left

rFire   . . .        Y - +0 war axe
rCold   . . .        c - +0 buckler
rNeg    + . .        m - +0 chain mail
rPois   inf          (no helmet)
rElec   +            (no cloak)
rCorr   .            (no gloves)
SInv    .            (no boots)
Will    .....        (no amulet) Stlth
                     (no ring)
HPRegen 0.25/turn    (no ring)
MPRegen 0.09/turn

%: no passive effects
@: no status effects
A: sickness immunity, AC +4, negative energy resistance 1, electricity
resistance, torment resistance 1, petrification resistance
a: no special abilities


You were on level 3 of the Dungeon.
You visited 1 branch of the dungeon, and saw 3 of its levels.

You collected 219 gold pieces.
You spent 141 gold pieces at shops.


Innate Abilities, Weirdness & Mutations

You are immune to sickness and miasma.
Your stone body is resilient. (AC +4)
You are immune to poison.
You resist negative energy. (rN+)
You are resistant to electric shocks. (rElec)
You are resistant to unholy torment.
You are immune to petrification.


   Skills:
 - Level 3.2 Fighting
 + Level 4.4 Axes
 - Level 1.0 Throwing
 - Level 3.2 Armour
 - Level 3.2 Shields


You had 4 spell levels left.
You didn't know any spells.
Your spell library was empty.

Inventory:

Hand Weapons
 f - a +0 whip
 Y - a +0 war axe (weapon)
Missiles
 h - a javelin (quivered)
 l - a boomerang
Armour
 b - the +4 ring mail of Riuffec {Dex+3}
   (You found it on level 3 of the Dungeon)

   Dex:       It affects your dexterity (+3).
 c - a +0 buckler (worn)
 m - a +0 chain mail (worn)
 o - a scarf of invisibility
Scrolls
 g - a scroll of identify
 n - a scroll of enchant weapon {unknown}
Potions
 a - a potion of magic {unknown}
 d - a potion of might
 e - a potion of brilliance {unknown}
 i - 2 potions of degeneration {unknown}
 j - a potion of curing {unknown}
 k - a potion of haste {unknown}
 p - a potion of invisibility {unknown}

Dungeon Overview and Level Annotations

Branches:
Dungeon (3/15)

Altars:
Makhleb
Vehumet

Shops:
D:2 *


Message History

You slash the gnoll!
You kill the gnoll!
You closely miss the gnoll. You slash the gnoll! You slash the orc!
You kill the orc!
The bat hits you. The bat hits you but does no damage.
The gnoll hits you but does no damage.
Your Throwing skill increases to level 1!
You have reached level 5!
You barely miss the gnoll.
The gnoll is severely wounded.
You barely miss the gnoll. The bat barely misses you.
The gnoll hits you but does no damage. The gnoll closely misses you.
The bat barely misses you. The kobold barely misses you.
The gnoll hits you with a +0 flail of holy wrath.
You slash the gnoll!
You kill the gnoll!
You miss the kobold. You hit the bat but do no damage.
You barely miss the gnoll. The bat hits you but does no damage.
The gnoll hits you with a +0 heavy flail.
The kobold barely misses you.
You barely miss the gnoll.
The gnoll is moderately wounded.
You closely miss the kobold. You closely miss the gnoll.
The bat hits you but does no damage. The gnoll hits you but does no damage.
The kobold hits you but does no damage. The gnoll hits you but does no damage.
You hit the gnoll.
The gnoll is severely wounded.
You barely miss the kobold. You barely miss the gnoll. The bat hits you.
You block the gnoll's attack. The kobold hits you with a +0 whip.
The gnoll barely misses you. The kobold hits you but does no damage.
The gnoll hits you but does no damage.
You hit the gnoll.
The gnoll is severely wounded.
You hit the kobold but do no damage. You hit the gnoll.
The bat hits you but does no damage. You block the gnoll's attack.
The kobold hits you but does no damage.
The gnoll hits you with a +0 heavy flail!
You die...

#. ... ... #.## ##..#
..# ...## ##.#..# ..#
#..# #.#.#.. ..#
..#####.## ...(.#..#
.......... .###.rgg..#
#.#####.##
#....#Kgg.#####+## #.#
#.#.)@#.#.....^# #.##
#.#..#b..#......# #(.#
.#.......#......# ##.#
#...............# #.#
#####.#.........#####..
......................
.#............#########
#.#..#........# #
##.#...#..%...#### #


You could see 2 gnolls, a hobgoblin, a goblin, a bat, a kobold and a rat.

Vanquished Creatures
  A crimson imp (D:3)
  2 gnolls (D:3)
  An adder (D:3)
  A worm (D:2)
  An orc (D:3)
  2 endoplasms
  3 giant cockroaches
  13 goblins
  6 hobgoblins
  2 kobolds
  4 quokkas
  4 ball pythons
  6 bats
  2 frilled lizards (D:2)
  7 rats
55 creatures vanquished.

Notes
Turn   | Place    | Note
-------+----------+-------------------------------------------
     0 | D:1      | qw the Gargoyle Fighter began the quest for the Orb.
     0 | D:1      | Reached XP level 1. HP: 14/14 MP: 1/1
     0 | D:1      | 0 ||| qw: Version: 0.3-a-5-g6f28e65
     0 | D:1      | 0 ||| qw: Game counter: 601
     0 | D:1      | 0 ||| qw: Always use a shield: true
     0 | D:1      | 0 ||| qw: God list: Okawaru
     0 | D:1      | 0 ||| qw: Allow faded altars: false
     0 | D:1      | 0 ||| qw: Do Orc after D:15 true
     0 | D:1      | 0 ||| qw: Do second Lair branch before Depths: true
     0 | D:1      | 0 ||| qw: Lair rune preference: random
     0 | D:1      | 0 ||| qw: Plans: Normal, Zot:1-4, Slime:5, God:TSO, Crypt,
                  | Tomb, Abyss, Pan, Hells, Win
     0 | D:1      | 0 ||| PLANNING D:1-11
    50 | D:1      | Reached skill level 2 in Axes
    77 | D:1      | Reached XP level 2. HP: 18/19 MP: 2/2
   188 | D:1      | 188 ||| Stepping ~*~*~tactically~*~*~ (hiding).
   190 | D:1      | 190 ||| Stepping ~*~*~tactically~*~*~ (hiding).
   280 | D:1      | Found a faded altar of an unknown god.
   503 | D:1      | 503 ||| READING scroll labelled TUNUD JIQU.
   504 | D:1      | 504 ||| READING 2 scrolls labelled OWUDOLL TAAQUAKI.
   505 | D:1      | 505 ||| READING scroll labelled IHYKOZ ZIEQ.
   506 | D:1      | 506 ||| READING scroll labelled HUFITOEXAZO.
   507 | D:1      | 507 ||| READING scroll labelled WIMNYK GEA.
   508 | D:1      | 508 ||| READING scroll labelled NOKHA WIFO.
   518 | D:2      | Reached skill level 3 in Axes
   583 | D:2      | 583 ||| DROPPING +0 club.
   695 | D:2      | Reached XP level 3. HP: 23/23 MP: 3/3
   696 | D:2      | Found Syacwe's Assorted Antiques.
   711 | D:2      | 711 ||| BUYING glass wand (96 gold).
   711 | D:2      | Bought a glass wand for 96 gold pieces
   711 | D:2      | 711 ||| BUYING grey potion (21 gold).
   711 | D:2      | Bought a grey potion for 21 gold pieces
   711 | D:2      | 711 ||| SHOPLISTING helmet (108 gold, have 32).
   711 | D:2      | 711 ||| BUYING scroll labelled PENLUE HAXO (24 gold).
   711 | D:2      | Bought a scroll labelled PENLUE HAXO for 24 gold pieces
   711 | D:2      | 711 ||| SHOPLISTING scroll of identify (48 gold, have 8).
   711 | D:2      | 711 ||| SHOPLISTING shiny scale mail (168 gold, have 8).
   711 | D:2      | 711 ||| SHOPLISTING smoky cyan potion (21 gold, have 8).
  1313 | D:2      | 1313 ||| UPGRADING to +0 chain mail.
  1323 | D:2      | 1323 ||| DROPPING +0 scale mail.
  1324 | D:2      | 1324 ||| READING scroll labelled PENLUE HAXO.
  1329 | D:2      | 1329 ||| DROPPING wand of polymorph (11).
  1409 | D:3      | Identified the +4 ring mail of Riuffec {Dex+3}
  1413 | D:3      | Found a radiant altar of Vehumet.
  1414 | D:3      | Found a burning altar of Makhleb.
  1417 | D:3      | Reached skill level 4 in Axes
  1417 | D:3      | Reached XP level 4. HP: 28/28 MP: 4/4
  1926 | D:3      | 1926 ||| Stepping ~*~*~tactically~*~*~ (stealth).
  1927 | D:3      | 1927 ||| Stepping ~*~*~tactically~*~*~ (stealth).
  1928 | D:3      | 1928 ||| Stepping ~*~*~tactically~*~*~ (stealth).
  2020 | D:3      | Reached skill level 1 in Throwing
  2020 | D:3      | Reached XP level 5. HP: 18/32 MP: 5/5
  2024 | D:3      | Slain by a gnoll

Levels and vault maps discovered:
D:1:      lightli_arrival_lavapool, layout_rooms,
          dreamdust_ecumenical_altar_angels_and_demons, chequers_garden
D:2:      layout_basic, serial_shops, shop, chequers_jeans, minmay_misc_feat_chi
D:3:      layout_basic, grunt_temple_overflow_lords_of_destruction,
          minmay_increasing_density

Skill      XL: |  1  2  3  4 |
---------------+-------------+-----
Axes           | 2 3 4 |  4.4
Throwing       | 1 |  1.0
Fighting       | |  3.2
Armour         | |  3.2
Shields        | |  3.2

Action                     |  1- 3 |  4- 6 || total
---------------------------+-------+-------++-------
  Melee: War axe           |    96 |    43 ||   139
  Throw: Boomerang         |    29 |     6 ||    35
         Javelin           |       |    15 ||    15
    Use: Scroll            |     7 |       ||     7
 Armour: Scale mail        |    56 |       ||    56
         Chain mail        |     2 |    45 ||    47
  Dodge: Dodged            |    45 |    27 ||    72
  Block: Buckler           |    13 |    12 ||    25

Table legend:
 A = Non-vault XP
 B = Vault XP
 C = Vault XP percentage of total XP
 D = Non-vault monster count
 E = Vault monster count
 F = Vault count percentage of total count
                 A         B        C        D         E       F
            +---------+---------+-------+---------+---------+-------
      Total |     111 |      67 |  37.6 |      50 |       5 |   9.1
            +---------+---------+-------+---------+---------+-------
        D:1 |      29 |       0 |   0.0 |      18 |       0 |   0.0
        D:2 |      36 |       0 |   0.0 |      18 |       0 |   0.0
        D:3 |      46 |      67 |  59.3 |      14 |       5 |  26.3
            +---------+---------+-------+---------+---------+-------
